 Dungeon Crawl Stone Soup version 0.29.0-5-ge4962eb29e (webtiles) character file.

Game seed: 16741239639863440675

566893 Bartlander the Slayer (level 25, -6/198 HPs)
             Began as a Minotaur Fighter on Aug 27, 2022.
             Was an Initiate of Yredelemnul.
             Killed from afar by a lich (21 damage)
             ... with a bolt of cold
             ... on level 5 of the Realm of Zot on Aug 28, 2022.
             The game lasted 11:23:22 (86082 turns).

Bartlander the Slayer (Minotaur Fighter)           Turns: 86082, Time: 11:23:23

Health: -6/198     AC: 49    Str: 39      XL:     25   Next: 52%
Magic:  27/27      EV: 13    Int:  2 (5)  God:    Yredelemnul [......]
Gold:   4539       SH: 25    Dex: 11 (13) Spells: 24/24 levels left

rFire   + + +      SeeInvis .   b - +18 lance "Wyrmbane" {slay drac, rPois rF+ rC+ AC+3}
rCold   + . .      Faith    .   S - +2 tower shield {reflect}
rNeg    + + .      Spirit   .   N - +12 gold dragon scales
rPois   +          Reflect  +   z - +2 hat
rElec   +          Harm     .   u - +1 cloak of Wasted Space {Str+7}
rCorr   +          Rampage  .   I - +2 pair of gloves
Will    ++++.                   O - +2 pair of boots
Stlth   ..........              x - amulet of Reimbursement {rN++ Will+ Regen+ rCorr Stlth+}
HPRegen 1.23/turn               Q - ring "Hiaweat" {Fire +Blink rElec Will++}
MPRegen 0.20/turn               s - +6 ring of strength

@: corroded, on berserk cooldown, slowed, lost intelligence, studying 3 skills,
invisible, unable to read, unable to drink, very slow
A: horns 2, retaliatory headbutt, beak, sturdy frame 1, [deterioration 2],
[frail 2], [low MP 1], [screaming 1], [weak 2], [no potion heal 1], [subdued
magic 2], [inability to drink after injury 2]
}: 3/15 runes: serpentine, barnacled, silver
a: Renounce Religion, Evoke Blink, Recall Undead Harvest


You were on level 5 of the Realm of Zot.
You worshipped Yredelemnul.
Yredelemnul was pleased with you.
You visited 10 branches of the dungeon, and saw 48 of its levels.
You visited the Abyss 1 time.
You visited 1 bazaar.
You also visited: Sewer.

You collected 8961 gold pieces.
You spent 4422 gold pieces at shops.

Inventory:

Hand Weapons
 a - the +3 trident "Dumoe" {spect, rF+}
   (You found it on level 7 of the Dungeon)

   When its wielder attacks, the weapon's spirit leaps out and strikes again.
   The spirit shares a part of any damage it takes with its wielder.
   rF:        It protects you from fire.
 b - the +18 lance "Wyrmbane" (weapon) {slay drac, rPois rF+ rC+ AC+3}
   (You took it off a deep elf high priest on level 3 of the Elven Halls)

   It inflicts extra damage against dragons and draconians.
   AC:        It affects your AC (+3).
   rF:        It protects you from fire.
   rC:        It protects you from cold.
   rPois:     It protects you from poison.
 Y - the +9 battleaxe "Xain" {drain, rElec Int-2 Dex+6 SInv}
   (You took it off a merfolk on level 4 of the Shoals)

   A truly terrible weapon, it drains the life of any living foe it strikes.
   Int:       It affects your intelligence (-2).
   Dex:       It affects your dexterity (+6).
   rElec:     It insulates you from electricity.
   SInv:      It lets you see invisible.
Missiles
 L - 6 boomerangs of dispersal (quivered)
 P - a throwing net
Armour
 u - the +1 cloak of Wasted Space (worn) {Str+7}
   (You acquired it on level 15 of the Dungeon)

   Str:       It affects your strength (+7).
 z - a +2 hat (worn)
 I - a +2 pair of gloves (worn)
 N - +12 gold dragon scales (worn)
 O - a +2 pair of boots (worn)
 S - a +2 tower shield of reflection (worn)
Jewellery
 n - a ring of protection from cold
 s - a +6 ring of strength (right hand)
 w - a +4 ring of slaying
 x - the amulet of Reimbursement (around neck) {rN++ Will+ Regen+ rCorr Stlth+}
   (You took it off a draconian scorcher on level 2 of the Realm of Zot)

   [amulet of regeneration]

   rN:        It greatly protects you from negative energy.
   Regen:     It increases your rate of health regeneration.
   rCorr:     It protects you from acid and corrosion.
   Will:      It increases your willpower.
   Stlth:     It makes you more stealthy.
 A - a ring of see invisible
 C - the amulet of the Endless Expanse {Spirit rPois rN+ Will++}
   (You bought it in a shop on level 2 of the Snake Pit)

   [amulet of guardian spirit]

   It causes incoming damage to be divided between your reserves of health and
   magic.
   rPois:     It protects you from poison.
   rN:        It protects you from negative energy.
   Will:      It greatly increases your willpower.
 E - a ring of positive energy
 M - a ring of resist corrosion
 Q - the ring "Hiaweat" (left hand) {Fire +Blink rElec Will++}
   (You took it off a deep elf high priest on level 5 of the Vaults)

   [ring of fire]

   It enhances your fire magic.
   rF:        It protects you from fire.
   rC:        It makes you vulnerable to cold.
   rElec:     It insulates you from electricity.
   +Blink:    It lets you blink.
   Will:      It greatly increases your willpower.
Wands
 k - a wand of quicksilver (22)
 q - a wand of mindburst (15)
 D - a wand of flame (25)
 H - a wand of digging (2)
 J - a wand of paralysis (38)
 R - a wand of iceblast (6)
Scrolls
 c - 5 scrolls of fear
 f - a scroll of silence
 h - 21 scrolls of teleportation
 y - 5 scrolls of butterflies
 F - 4 scrolls of amnesia
 G - 6 scrolls of magic mapping
 U - 4 scrolls of poison
 V - 2 scrolls of blinking
 Z - 2 scrolls of enchant weapon
Potions
 d - a potion of haste
 i - 2 potions of cancellation
 l - 2 potions of heal wounds
 p - 6 potions of mutation
 r - a potion of resistance
 t - 14 potions of flight
 v - 3 potions of magic
 B - 10 potions of curing
Miscellaneous
 e - a phantom mirror (inert)
 g - a phantom mirror (inert)
 j - a condenser vane (inert)
 o - a box of beasts
 K - a phantom mirror (inert)


   Skills:
 + Level 24.9 Fighting
 - Level 19.1(22.7) Axes
 + Level 20.6(23.5) Polearms
 - Level 24.7 Armour
 * Level 11.8 Dodging
 + Level 24.8 Shields
 - Level 12.1 Invocations
 - Level 13.2 Evocations


You had 24 spell levels left.
You didn't know any spells.
Your spell library contained the following spells:

 Spells                   Type           Power      Damage    Failure   Level
 Apportation              Tloc           0%         N/A       92%         1
 Magic Dart               Conj           0%         1d3       92%         1
 Necrotise                Necr           0%         1d4       92%         1
 Sandblast                Erth           0%         2d4       92%         1
 Slow                     Hex            0%         N/A       92%         1
 Summon Small Mammal      Summ           0%         N/A       92%         1
 Ensorcelled Hibernation  Hex/Ice        0%         N/A       98%         2
 Passwall                 Tmut/Erth      0%         N/A       98%         2
 Poisonous Vapours        Pois/Air       0%         N/A       98%         2
 Searing Ray              Conj           0%         2d4       98%         2
 Static Discharge         Conj/Air       0%         3-3/arc   98%         2
 Sublimation of Blood     Necr           0%         N/A       98%         2
 Wereblood                Tmut           0%         N/A       98%         2
 Call Canine Familiar     Summ           0%         N/A       100%        3
 Confusing Touch          Hex            0%         N/A       100%        3
 Dazzling Flash           Conj/Hex       0%         N/A       100%        3
 Inner Flame              Hex/Fire       0%         N/A       100%        3
 Portal Projectile        Hex/Tloc       0%         N/A       100%        3
 Spider Form              Tmut/Pois      0%         N/A       100%        3
 Summon Guardian Golem    Hex/Summ       0%         N/A       100%        3
 Swiftness                Air            0%         N/A       100%        3
 Tukima's Dance           Hex            0%         N/A       100%        3
 Vampiric Draining        Necr           0%         2d6       100%        3
 Anguish                  Hex/Necr       0%         N/A       100%        4
 Cause Fear               Hex            0%         N/A       100%        4
 Corpse Rot               Necr/Pois/Air  0%         N/A       100%        4
 Dispel Undead            Necr           0%         3d6       100%        4
 Fulminant Prism          Conj/Hex       0%         3d6       100%        4
 Leda's Liquefaction      Hex/Erth       0%         N/A       100%        4
 Passage of Golubria      Tloc           0%         N/A       100%        4
 Petrify                  Tmut/Erth      0%         N/A       100%        4
 Sticky Flame             Conj/Fire      0%         2d3       100%        4
 Agony                    Necr           0%         N/A       100%        5
 Blade Hands              Tmut           0%         N/A       100%        5
 Lee's Rapid Deconstruct  Erth           0%         3d5*      100%        5
 Metabolic Englaciation   Hex/Ice        0%         N/A       100%        5
 Silence                  Hex/Air        0%         N/A       100%        5
 Yara's Violent Unravell  Hex/Tmut       0%         3d3       100%        5
 Dispersal                Tloc           0%         N/A       100%        6
 Statue Form              Tmut/Erth      0%         N/A       100%        6
 Enfeeble                 Hex            0%         N/A       100%        7
 Malign Gateway           Summ/Tloc      0%         N/A       100%        7
 Summon Hydra             Summ           0%         N/A       100%        7
 Borgnjor's Revivificati  Necr           0%         N/A       100%        8
 Discord                  Hex            0%         N/A       100%        8
 Disjunction              Tloc           0%         N/A       100%        8
 Lehudib's Crystal Spear  Conj/Erth      0%         10d2      100%        8
 Necromutation            Tmut/Necr      0%         N/A       100%        8
 Summon Horrible Things   Summ           0%         N/A       100%        8
 Chain Lightning          Conj/Air       0%         N/A       100%        9
 Death's Door             Necr           0%         N/A       100%        9
 Fire Storm               Conj/Fire      0%         5d1       100%        9
 Shatter                  Erth           0%         3d5*      100%        9


Dungeon Overview and Level Annotations

Branches:
Dungeon (15/15)            Temple (1/1) D:5            Lair (5/5) D:10
 Shoals (4/4) Lair:3        Snake (4/4) Lair:2        Slime (0/5) Lair:5
    Orc (2/2) D:12            Elf (3/3) Orc:2        Vaults (5/5) D:13
  Crypt (0/3) Vaults:2     Depths (4/4) D:15            Zot (5/5) Depths:4
  Sewer (visited)

Altars:
Ashenzari
Cheibriados
Dithmenos
Elyvilon
Fedhas
Gozag
Hepliaklqana
Kikubaaqudgha
Makhleb
Nemelex Xobeh
Okawaru
Qazlal
Ru
Sif Muna
Trog
Uskayaw
Vehumet
Wu Jian
Xom
Yredelemnul
Zin
The Shining One
Jiyva

Shops:
D:2 :   D:6 (   D:9 *   Orc:2 *[?[*   Shoals:1 !   Shoals:2 ?   Snake:1 ?
Snake:2 ==:   Snake:3 ?*[   Vaults:1 *   Depths:3 *(*

Portals:
Hell: Depths:1 Depths:2 Depths:3 Depths:4
Abyss: Depths:3
Pandemonium: Depths:2
Ziggurat: Depths:1

Annotations:
D:9 exclusion: obsidian statue
D:10 exclusion: 2 downstairs
Lair:3 exclusion: 4 oklob plants
Lair:4 2 transporters
Snake:2 1 runed translucent door, Bunnuime's ghost, adept DECj
Elf:2 5 runed translucent doors
Depths:4 1 runed translucent door, strangelove's ghost, master GrEE
Zot:5 2 runed translucent doors, Jiorhin's ghost, legendary TrBe; Tiamat


Innate Abilities, Weirdness & Mutations

You have a pair of horns on your head.
You reflexively headbutt those who attack you in melee.
You have a beak for a mouth.
Your movements are slightly less encumbered by armour. (ER -2)
[Your body often deteriorates upon taking damage.]
[You are very frail. (-20% HP)]
[Your magical capacity is low. (-10% MP)]
[You occasionally shout uncontrollably at your foes.]
[You are very weak. (Str -4)]
[Potions are less effective at restoring your health.]
[Your spells are easier to cast, but less powerful.]
[You sometimes lose the ability to drink potions when taking damage.]


Message History

Tiamat shimmers and vanishes!
The acid blob spits acid at you. The splash of acid hits you. You resist.
You hear some strange, mumbled words.
The glowing orange brain pulsates.
The glowing orange brain radiates an aura of fear!
You resist with almost no effort.
Tiamat hits you from afar with a +3 glaive of distortion!!!
You feel threatened and lose the ability to drink potions!
* * * LOW HITPOINT WARNING * * *
Your body deteriorates!
You feel clumsy. Space warps around you.
* * * LOW HITPOINT WARNING * * *
You block the acid blob's attack.
You cannot drink potions in your current state!
Press: ? - help, v - describe, . - travel
Here: an acid blob The floor.
Okay, then.
You're wearing all the rings you can.
Remove which one? (? for menu, Esc to cancel) < or
w - a +4 ring of slaying; > or
s - a +6 ring of strength You remove your +4 ring of slaying.
A lich appears from thin air!
You block Tiamat's attack. The acid blob completely misses you.
You furiously retaliate!
You headbutt the acid blob, but do no damage.
You feel more attuned to fire.
Q - the ring "Hiaweat" (left hand) {Fire +Blink rElec Will++} The lich launches a ball of destructive magic.
The wavering orb of destruction weakly hits you!
* * * LOW HITPOINT WARNING * * *
You block the acid blob's attack.
Tiamat hits you from afar with a +3 glaive of distortion!
* * * LOW HITPOINT WARNING * * *
Space warps around you.
* * * LOW HITPOINT WARNING * * *
The lich gestures at you while chanting.
The bolt of cold hits you!! You resist.
You die...
Your body rises from the dead as a mindless zombie.

.....☼###...............***,,,,,,
......# ##.............#* *,,,,,,
......# #.)....^...^..# *,,,,,,
.d....# ##)[....)....#* *,,,,,,
......# #)!.).......# *,,,,,,
...^..# ##.).G..^....## *,^,,,,
.....## #....d.X......# **,,,,,
....## ##.....JL.....[#* **,,,,
...## #..}....@....^..# **,,,
####▓▓▓▓########.########▓▓▓▓#***
....#.......⌠..)[##.....##...###
.####...^.###.#.##.......##..#.##
....#.(....##...'.........#......
##..##,#...#....#.........#.....#
#....###........'.........)......
##....###.....####.......###.#...
.##...#,#........##.....####.#.##


You could see Tiamat, an acid blob, a lich (fast), a glowing orange brain shaped
shifter and a thrashing horror (unable to see you).

Vanquished Creatures
  2 dread liches
  3 orbs of fire (Zot:5)
  2 ancient liches (Zot:5)
  Mennas (Depths:4)
  Josephina (Zot:3)
  6 Killer Klowns
  Parghit (Depths:4)
  10 golden dragons
  Jorgrun (D:12)
  2 electric golems (Zot:5)
  11 tentacled monstrosities
  Rupert (Lair:5)
  3 liches
  6 Orb Guardians (Zot:5)
  3 deep elf blademasters
  A walking earthen tome (Depths:4)
  2 deep elf master archers (Elf:3)
  8 quicksilver dragons
  7 sphinxes
  6 titans
  6 death cobs
  Frances (Snake:1)
  An ancient champion (Vaults:2)
  A tentacled starspawn (Abyss:5)
  9 storm dragons
  9 shadow dragons
  6 nagarajas (Snake:4)
  5 fire giants
  4 draconian monks
  3 tengu reavers (Vaults:5)
  4 draconian knights
  3 draconian scorchers (Zot:2)
  8 frost giants
  16 vault wardens
  2 iron dragons (Depths:3)
  2 ghost moths
  8 deep elf sorcerers
  2 orc warlords
  Aizul (Snake:4)
  2 draconian shifters
  7 deep elf elementalists
  A cacodemon (Abyss:5)
  Louise (Elf:3)
  2 draconian annihilators (Depths:4)
  2 draconian stormcallers
  13 ironbound preservers
  4 war gargoyles (Vaults:5)
  16 very ugly things
  A quicksilver ooze (shapeshifter) (Depths:1)
  A reaper (Vaults:2)
  17 stone giants
  6 ironbound thunderhulks
  2 vampire knights
  8 deep elf demonologists
  8 dire elephants
  5 white draconians
  11 deep elf annihilators
  An entropy weaver (Vaults:5)
  7 red draconians
  9 green draconians
  An entropy weaver (shapeshifter) (Depths:2)
  8 yellow draconians
  5 black draconians
  9 purple draconians
  10 ettins
  Snorg (D:14)
  5 merfolk javelineers
  10 deep elf high priests
  8 merfolk impalers
  8 great orbs of eyes
  7 deep elf death magi (Elf:3)
  10 yaktaur captains
  Harold (D:11)
  7 fire dragons
  3 rakshasas
  2 peacekeepers (Vaults:4)
  Fannar (Orc:1)
  6 hydras
  3 ice dragons
  21 vault guards
  4 boulder beetles
  2 ogre magi
  A spriggan air mage (Depths:1)
  5 ironbound frosthearts
  4 anacondas
  2 salamander tyrants
  3 merfolk aquamancers (Shoals:3)
  A merfolk avatar (Shoals:2)
  13 two-headed ogres
  14 naga warriors
  A two-headed ogre (shapeshifter) (Depths:2)
  16 centaur warriors
  5 deep troll shamans
  5 tengu warriors
  A satyr (Shoals:2)
  A satyr (shapeshifter) (Vaults:5)
  8 deep troll earth magi
  4 thrashing horrors (Abyss:5)
  15 dancing weapons
  11 death yaks
  3 orc high priests (Orc:2)
  Urug (Orc:2)
  5 spriggan berserkers
  2 hell hogs (Abyss:5)
  9 hell knights
  6 shock serpents
  2 soul eaters (Depths:4)
  10 naga sharpshooters
  A spectral elf (Elf:3)
  A titan zombie (Vaults:3)
  6 deep elf knights
  3 sun demons
  2 wretched stars (Abyss:5)
  2 salamander mystics (Snake:4)
  3 iron trolls
  7 skeletal warriors
  A swamp dragon (Lair:5)
  3 flayed ghosts
  An orb spider (shapeshifter) (Depths:2)
  4 sea snakes
  61 deep trolls
  2 naga ritualists (Snake:3)
  2 spriggan riders
  3 glowing orange brains
  6 wizards
  7 deep elf archers
  Pikel (D:5)
  3 phantasmal warriors (Vaults:5)
  4 lindwurms
  9 orc knights
  13 deep elf zephyrmancers
  12 ironbound convokers
  7 mana vipers
  18 deep elf pyromancers
  3 necromancers
  5 orc sorcerers
  13 harpies
  32 ugly things
  5 cyclopes
  3 human zombies
  16 salamanders
  5 fauns
  16 moths of wrath
  3 large abominations (Abyss:5)
  10 manticores
  12 elephants
  4 water nymphs
  A fire giant skeleton (Vaults:3)
  A centaur zombie (Vaults:2)
  Maurice (D:11)
  7 guardian serpents
  17 vault sentinels
  23 black mambas
  5 merfolk sirens
  13 naga magi
  A torpor snail (Lair:4)
  An elephant (shapeshifter) (Vaults:5)
  A guardian serpent (shapeshifter) (D:13)
  2 gargoyles
  An apocalypse crab (Abyss:5)
  6 smoke demons
  5 cane toads
  Psyche (D:11)
  2 kobold demonologists (D:11)
  8 komodo dragons
  An unseen horror (Abyss:5)
  2 freezing wraiths (Vaults:5)
  2 rime drakes
  25 yaktaurs
  A tormentor (Abyss:5)
  7 trolls
  A human skeleton (Vaults:3)
  An ancient zyme (Abyss:5)
  A queen bee (shapeshifter) (Elf:3)
  28 merfolk
  A queen bee (Lair:3)
  2 wolf spider simulacra
  3 polar bears
  5 wind drakes
  A shadow dragon simulacrum (Zot:3)
  A hornet (Depths:4)
  6 raiju (Abyss:5)
  A great orb of eyes zombie (Vaults:2)
  17 slime creatures
  23 blink frogs
  2 dream sheep (Shoals:3)
  8 air elementals
  6 snapping turtles
  A centaur simulacrum (D:15)
  15 flying skulls (D:14)
  31 water elementals
  A spriggan (shapeshifter) (D:15)
  2 vampires
  A shadow (D:11)
  5 wyverns
  A fire elemental (Elf:2)
  2 fire bats (Depths:4)
  A human (shapeshifter) (D:11)
  36 yaks
  6 wraiths
  A neqoxec (Abyss:5)
  A golden eye (shapeshifter) (Vaults:5)
  12 basilisks
  3 steam dragons
  3 vampire mosquitoes (D:14)
  A deep troll zombie (Vaults:4)
  A merfolk zombie (Shoals:4)
  2 wargs (Orc:2)
  40 nagas
  4 acid dragons
  6 water moccasins
  Duvessa (D:6)
  A spectral smoke demon (Depths:4)
  A swamp drake (Lair:5)
  A sky beast (D:7)
  An elf zombie (Elf:3)
  A black bear (D:10)
  18 orc warriors
  3 ice beasts
  8 ogres
  2 small abominations (Abyss:5)
  17 wolves
  3 boggarts (Vaults:2)
  8 centaurs
  2 phantoms (D:6)
  10 kobold brigands
  3 earth elementals
  A gnoll sergeant (D:12)
  15 bullfrogs
  A necrophage (D:6)
  7 scorpions
  8 wights
  Dowan (D:6)
  27 killer bees
  2 howler monkeys
  6 electric eels
  3 starcursed masses (Abyss:5)
  5 hounds
  12 orc priests
  Crazy Yiuf (D:5)
  2 gnoll boudas
  3 hell rats (Lair:3)
  3 iguanas
  13 orc wizards
  15 gnolls
  8 adders
  4 river rats
  2 shadow imps
  A white imp (D:7)
  2 ufetubi
  A worm (D:2)
  3 dart slugs
  49 orcs
  7 bats
  10 endoplasms
  6 giant cockroaches
  6 goblins
  9 hobgoblins
  3 jackals (D:1)
  29 kobolds
  4 quokkas
  10 ball pythons
  7 frilled lizards
  29 rats
  3 starspawn tentacles (Abyss:5)
1696 creatures vanquished.

Vanquished Creatures (collateral kills)
  An ancient lich (Zot:5)
  A Killer Klown (Zot:3)
  A bone dragon (Depths:4)
  An electric golem (Zot:1)
  3 tentacled monstrosities
  5 Orb Guardians (Zot:5)
  A sphinx (Vaults:4)
  A death cob (Zot:1)
  2 storm dragons
  2 fire giants
  The ghost of AyAyRon the Bludgeoner, an adept DsFi of Yredelemnul (D:15)
  4 frost giants
  A deep elf sorcerer (Vaults:5)
  4 vault wardens
  9 ironbound preservers
  A draconian annihilator (Zot:3)
  An ironbound thunderhulk (Vaults:1)
  6 very ugly things
  2 green draconians
  A deep elf annihilator (Elf:3)
  3 white draconians
  4 dire elephants
  2 yellow draconians
  3 ettins
  4 merfolk impalers (Shoals:4)
  2 merfolk javelineers
  A yaktaur captain (Vaults:4)
  A crystal guardian (Vaults:4)
  2 great orbs of eyes
  A deep elf high priest (Vaults:5)
  2 ice dragons
  A hydra (Lair:5)
  2 catoblepae
  9 vault guards
  2 spriggan air magi
  7 centaur warriors
  An ogre mage (Vaults:1)
  2 anacondas (Snake:1)
  An alligator snapping turtle (Shoals:4)
  4 merfolk aquamancers
  4 naga warriors
  A deep troll shaman (Depths:3)
  A death yak (Shoals:2)
  2 satyrs (Shoals:3)
  A deep troll earth mage (Depths:2)
  2 shock serpents (Snake:4)
  A spriggan berserker (Depths:3)
  3 tengu warriors
  3 thrashing horrors (Zot:5)
  5 hell knights (Vaults:5)
  2 iron trolls (Depths:3)
  15 deep trolls
  7 sea snakes
  A lindwurm (Vaults:2)
  A deep elf archer (Elf:3)
  2 necromancers (Vaults:5)
  2 ironbound convokers (Vaults:2)
  2 phantasmal warriors
  16 harpies
  11 ugly things
  3 deep elf pyromancers
  9 manticores
  An orc knight (D:11)
  3 deep elf zephyrmancers
  8 fauns
  8 merfolk sirens
  6 salamanders
  A moth of wrath (Zot:4)
  A cyclops (Shoals:4)
  3 vault sentinels
  7 elephants
  3 guardian serpents
  6 naga magi
  12 water nymphs
  4 black mambas
  4 cane toads
  A yaktaur (shapeshifter) (D:15)
  A rime drake (Lair:5)
  A freezing wraith (Vaults:5)
  7 yaktaurs
  11 merfolk
  5 wind drakes
  A hornet (Depths:3)
  6 snapping turtles
  3 blink frogs (Lair:4)
  4 dream sheep (Shoals:3)
  A raiju (Abyss:5)
  A draconian simulacrum (Zot:3)
  4 slime creatures
  5 air elementals
  2 spriggans
  A wraith (D:7)
  10 water elementals
  6 wyverns
  A fire bat (Depths:4)
  9 yaks
  A redback (D:15)
  A steam dragon (Lair:5)
  13 nagas
  7 water moccasins
  A swamp drake (Lair:5)
  2 orc warriors
  A floating eye (shapeshifter) (Vaults:5)
  A boggart (Vaults:2)
  An ogre (shapeshifter) (Vaults:5)
  A scorpion (D:6)
  A bullfrog (Lair:1)
  10 killer bees (Lair:3)
  A starcursed mass (Abyss:5)
  A jelly (D:6)
  3 orc wizards
  2 iguanas (Lair:5)
  2 hell rats (Lair:3)
  A gnoll (D:12)
  A river rat (Lair:3)
  A shadow imp (D:5)
  10 orcs
  5 kobolds
  A pillar of salt (Vaults:1)
411 creatures vanquished.

Vanquished Creatures (others)
  A draconian knight (Zot:5)
  A vault warden (Vaults:5)
  2 spectral tentacled monstrosities
  A deep elf elementalist (Abyss:5)
  2 spectral draconians
  2 Killer Klown zombies
  3 very ugly thing zombies (Depths:4)
  A spectral storm dragon (Vaults:5)
  3 quicksilver dragon zombies
  A spectral yellow draconian (Zot:3)
  3 spectral humans
  A rakshasa (Depths:2)
  A spectral dire elephant (Vaults:4)
  6 Orb Guardian zombies (Zot:5)
  A centaur warrior (Vaults:1)
  A spectral hydra (Lair:5)
  A deep elf knight (Elf:2)
  A spectral merfolk (Shoals:4)
  A spectral centaur (Vaults:2)
  A spectral great orb of eyes (Vaults:4)
  2 storm dragon zombies (Zot:5)
  A spectral ice dragon (Depths:2)
  A golden dragon zombie (Zot:5)
  2 anaconda zombies
  A shadow dragon zombie (Vaults:5)
  A spectral iron troll (Depths:3)
  A deep elf archer (Elf:2)
  An orc knight (Orc:2)
  6 ugly thing zombies
  A wizard (Vaults:1)
  3 sphinx zombies
  A hell hog zombie (Abyss:5)
  3 draconian zombies
  3 frost giant zombies (Vaults:5)
  A fire giant zombie (Vaults:2)
  2 shock serpent zombies
  A spectral deep troll (Vaults:4)
  3 stone giant zombies
  2 spectral rakshasas
  A naga mage (Snake:3)
  A spectral sun demon (Depths:4)
  3 green draconian zombies (Zot:5)
  2 white draconian zombies (Zot:1)
  4 purple draconian zombies
  An orb spider zombie (Depths:2)
  2 spectral cyclopes
  A spectral elephant (Lair:5)
  A spectral yaktaur (Vaults:1)
  A yaktaur (D:15)
  5 sea snake zombies
  A red draconian zombie (Depths:4)
  A spectral glowing orange brain (Depths:3)
  A shadow dragon simulacrum (Zot:3)
  4 hydra zombies
  9 harpy zombies
  A satyr zombie (Vaults:5)
  4 great orb of eyes zombies
  2 moth of wrath zombies (Zot:4)
  2 spriggan zombies (Depths:2)
  2 fire dragon zombies
  An ettin zombie (Depths:2)
  A spectral cane toad (D:12)
  3 guardian serpent zombies
  2 black mamba zombies
  5 slime creature zombies
  3 wind drake zombies
  A fire bat zombie (Depths:4)
  2 faun zombies (Shoals:3)
  2 cane toad zombies
  22 deep troll zombies
  3 two-headed ogre zombies
  14 merfolk zombies
  A water nymph zombie (Shoals:4)
  A moth of wrath simulacrum (Zot:3)
  3 lindwurm zombies
  A snapping turtle zombie (Shoals:3)
  A hornet zombie (Depths:4)
  A spectral smoke demon (Abyss:5)
  3 blink frog zombies
  25 elf zombies
  2 elephant zombies (Lair:5)
  A rime drake zombie (Lair:4)
  A vampire mosquito zombie (D:14)
  A spectral neqoxec (Abyss:5)
  13 yaktaur zombies
  2 komodo dragon zombies
  11 salamander zombies
  2 wyvern zombies
  A cyclops zombie (Orc:2)
  4 water moccasin zombies
  33 human zombies
  5 raiju zombies (Abyss:5)
  A troll zombie (Orc:2)
  A queen bee zombie (Elf:3)
  A polar bear zombie (Lair:3)
  6 yak zombies
  6 wolf zombies
  5 basilisk zombies
  2 bullfrog zombies
  7 centaur zombies
  3 scorpion zombies
  12 killer bee zombies
  An acid dragon zombie (D:10)
  6 ogre zombies
  25 naga zombies
  A hound zombie (D:5)
  A howler monkey zombie (D:12)
  2 hell rat zombies (Lair:3)
  A spectral electric eel (D:7)
  2 gnoll zombies (D:12)
  3 steam dragon zombies (Lair:5)
  A swamp drake zombie (Lair:5)
  An iguana zombie (Lair:5)
  A goblin zombie (D:10)
  4 kobold zombies
  38 orc zombies
  A spectral ufetubus (D:6)
  35 fungi
  A pillar of salt (Vaults:1)
  224 plants
  6 starspawn tentacles (Abyss:5)
688 creatures vanquished.

Grand Total: 2795 creatures vanquished

Notes
Turn   | Place    | Note
-------+----------+-------------------------------------------
     0 | D:1      | Bartlander the Minotaur Fighter began the quest for the
                  | Orb.
     0 | D:1      | Reached XP level 1. HP: 19/19 MP: 0/0
   199 | D:1      | Reached XP level 2. HP: 27/27 MP: 1/1
   863 | D:2      | Reached XP level 3. HP: 31/33 MP: 2/2
   926 | D:2      | You fall into a shaft and drop 2 floors!
   990 | D:4      | Found a glowing drain.
  1139 | Sewer    | Entered a sewer
  1263 | Sewer    | Reached XP level 4. HP: 41/41 MP: 3/3
  1286 | Sewer    | Noticed a kobold brigand
  1298 | Sewer    | Killed a kobold brigand
  1299 | Sewer    | Reached XP level 5. HP: 40/47 MP: 4/4
  1887 | Sewer    | Reached skill level 5 in Fighting
  1887 | Sewer    | Reached skill level 5 in Armour
  1887 | Sewer    | Reached skill level 5 in Shields
  1887 | Sewer    | Reached XP level 6. HP: 35/56 MP: 5/5
  2393 | D:2      | Found Jissu's Vocational Training.
  2501 | D:2      | Found an ancient bone altar of Kikubaaqudgha.
  3027 | D:3      | Reached skill level 5 in Axes
  3722 | D:4      | Reached XP level 7. HP: 61/61 MP: 6/6
  3812 | D:4      | Found a glowing golden altar of the Shining One.
  3837 | D:4      | Found a stormy altar of Qazlal.
  4128 | D:5      | Entered Level 5 of the Dungeon
  4196 | D:5      | Found a staircase to the Ecumenical Temple.
  4380 | Temple   | Entered the Ecumenical Temple
  4705 | Temple   | Became a worshipper of Yredelemnul the Dark
  4789 | D:5      | Noticed Pikel
  4810 | D:5      | Killed Pikel
  4810 | D:5      | Reached * piety under Yredelemnul
  4811 | D:5      | Reached skill level 10 in Axes
  4811 | D:5      | Reached XP level 8. HP: 63/68 MP: 7/7
  5001 | D:5      | Reached ** piety under Yredelemnul
  5037 | D:5      | Found an iron altar of Okawaru.
  5347 | D:5      | Found an ornate altar of the Wu Jian Council.
  5391 | D:5      | Found a runed translucent door.
  5392 | D:5      | Noticed Crazy Yiuf
  5461 | D:5      | Reached *** piety under Yredelemnul
  5755 | D:5      | Killed Crazy Yiuf
  5934 | D:6      | Reached XP level 9. HP: 73/74 MP: 8/8
  6127 | D:6      | Found a burning altar of Makhleb.
  6196 | D:6      | Found Buutem's Antique Weapon Shop.
  6218 | D:6      | Noticed Dowan
  6219 | D:6      | Noticed Duvessa
  6231 | D:6      | Killed Dowan
  6240 | D:6      | Killed Duvessa
  6691 | D:6      | Noticed a blizzard demon
  6694 | D:6      | Noticed an orange demon
  7770 | D:7      | Identified the +3 trident "Dumoe" {spect, rF+}
  7869 | D:7      | Reached skill level 15 in Axes
  8183 | D:7      | Found an ancient bone altar of Kikubaaqudgha.
  8770 | D:7      | Reached XP level 10. HP: 81/81 MP: 9/9
  8843 | D:8      | Found a sparkling altar of Nemelex Xobeh.
  9457 | D:8      | Found a hide-covered altar of Uskayaw.
 10709 | D:9      | Got the Dissertation on Terra Firma
 10731 | D:9      | Found Piopsozu's Demolitions Depot.
 10868 | D:9      | Noticed an obsidian statue
 11022 | D:9      | Reached skill level 1 in Invocations
 11022 | D:9      | Reached skill level 1 in Evocations
 11465 | D:10     | Entered Level 10 of the Dungeon
 11894 | D:10     | Found a flagged portal.
 12348 | D:10     | Found a staircase to the Lair.
 12348 | D:10     | Noticed an elephant
 12404 | D:10     | Noticed a manticore
 12509 | D:10     | Killed a manticore
 12566 | D:10     | Found a blossoming altar of Fedhas.
 12578 | D:10     | Killed an elephant
 12699 | D:10     | Reached XP level 11. HP: 86/94 MP: 12/12
 12794 | D:10     | Found a glowing silver altar of Zin.
 13091 | D:10     | Found a shadowy altar of Dithmenos.
 13385 | D:11     | Noticed an orc knight
 13385 | D:11     | Noticed an orc knight
 13385 | D:11     | Noticed an orc knight
 13668 | D:11     | Noticed a skeletal warrior
 13668 | D:11     | Noticed a skeletal warrior
 13672 | D:11     | Noticed a skeletal warrior
 13689 | D:10     | Killed a skeletal warrior
 13960 | D:10     | Killed a skeletal warrior
 14622 | D:11     | Killed a skeletal warrior
 14729 | D:11     | Noticed an orc knight
 14729 | D:11     | Noticed Harold
 14782 | Lair:1   | Entered Level 1 of the Lair of Beasts
 14817 | D:10     | Reached skill level 1 in Polearms
 15099 | Lair:1   | You fall into a shaft and drop 1 floor!
 15182 | Lair:1   | Reached skill level 10 in Fighting
 15182 | Lair:1   | Reached skill level 10 in Armour
 15763 | Lair:2   | Reached skill level 5 in Polearms
 15903 | Lair:2   | Noticed a five-headed hydra
 15916 | Lair:2   | Killed a five-headed hydra
 15917 | Lair:2   | Reached XP level 12. HP: 87/108 MP: 13/13
 16078 | Lair:2   | Reached **** piety under Yredelemnul
 16523 | Lair:2   | Found a staircase to the Snake Pit.
 17006 | Lair:3   | Reached ***** piety under Yredelemnul
 17806 | Lair:3   | Found a staircase to the Shoals.
 17893 | Lair:3   | Noticed a death yak
 17898 | Lair:3   | Noticed a death yak
 17903 | Lair:3   | Noticed a death yak
 17918 | Lair:3   | Killed a death yak
 17925 | Lair:3   | Killed a death yak
 17926 | Lair:3   | Reached XP level 13. HP: 110/119 MP: 14/14
 19012 | Lair:4   | Found a transporter.
 19014 | Lair:4   | Found a transporter.
 19089 | Lair:4   | Reached ****** piety under Yredelemnul
 19826 | D:11     | Killed Harold
 19875 | D:11     | Noticed Psyche
 19887 | D:11     | Killed Psyche
 20129 | D:11     | Noticed Maurice
 20142 | D:11     | Killed Maurice
 20856 | D:11     | Paralysed by an orc knight for 2 turns
 20864 | D:11     | Your ally Psyche died
 21302 | D:12     | Reached skill level 15 in Armour
 21308 | D:12     | Reached skill level 15 in Fighting
 21418 | D:12     | Identified the +5 hand axe "Faxa" {speed, +Blink Dex+3}
 21755 | D:12     | Found a staircase to the Orcish Mines.
 22414 | D:13     | Reached skill level 10 in Polearms
 22414 | D:13     | Reached XP level 14. HP: 128/135 MP: 16/16
 23147 | D:13     | Found a gate to the Vaults.
 23519 | Lair:5   | Entered Level 5 of the Lair of Beasts
 23688 | Lair:5   | Reached skill level 5 in Invocations
 24008 | Lair:5   | Found a staircase to the Slime Pits.
 24009 | Lair:5   | Found a viscous altar of Jiyva.
 24012 | Lair:5   | Noticed Rupert
 24035 | Lair:5   | Paralysed by Rupert for 2 turns
 24041 | Lair:5   | Killed Rupert
 24096 | Lair:5   | Reached skill level 5 in Evocations
 25156 | Orc:1    | Entered Level 1 of the Orcish Mines
 25180 | Orc:1    | Noticed Fannar
 25182 | Orc:1    | Noticed Jorgrun
 25364 | D:12     | Killed Jorgrun
 25586 | Orc:1    | Killed Fannar
 25969 | Orc:2    | Entered Level 2 of the Orcish Mines
 25972 | Orc:2    | Found Kinlacki's Armour Shoppe.
 26170 | Orc:2    | Found a staircase to the Elven Halls.
 26184 | Orc:2    | Reached XP level 15. HP: 143/144 MP: 18/18
 26663 | Orc:2    | Found Cauvoi's General Store.
 26669 | Orc:2    | Noticed Urug
 27329 | Orc:2    | Killed Urug
 27570 | Orc:2    | Found Deexiex's General Store.
 27571 | Orc:2    | Found Keb Ykhi's Magic Scroll Emporium.
 27571 | Orc:2    | Found Azuasieps's Armour Emporium.
 27612 | Orc:2    | Found Deexiex's General Store.
 27612 | Orc:2    | Found Azuasieps's Armour Emporium.
 27619 | Orc:2    | Found Keb Ykhi's Magic Scroll Emporium.
 27621 | Orc:2    | Found Cauvoi's General Store.
 27653 | Orc:2    | Found a staircase to the Elven Halls.
 27831 | Orc:2    | Found Kinlacki's Armour Shoppe.
 28248 | Orc:2    | Bought a scroll of teleportation for 45 gold pieces
 28248 | Orc:2    | Bought a scroll of teleportation for 45 gold pieces
 28258 | Orc:2    | Bought a potion of haste for 160 gold pieces
 28258 | Orc:2    | Bought a scroll of teleportation for 48 gold pieces
 28258 | Orc:2    | Bought a potion of curing for 48 gold pieces
 28587 | D:14     | Noticed Snorg
 28596 | D:14     | Killed Snorg
 28951 | D:14     | Found the +3 giant club "Skullcrusher" {speed, Str+7}
 29732 | D:15     | Entered Level 15 of the Dungeon
 29745 | D:15     | Found Zin's Purification Station.
 29748 | D:15     | Found a glowing silver altar of Zin.
 30317 | D:15     | Paralysed by an ogre mage for 2 turns
 30930 | D:15     | Noticed AyAyRon's ghost (adept DsFi)
 30933 | D:15     | Found a transporter.
 30933 | D:15     | Identified the +3 giant club of Slow Death {protect, rN+++
                  | Will+ Str-3}
 31088 | D:15     | Found a staircase to the Depths.
 31918 | Orc:2    | Bought a +1 plate armour of poison resistance for 448 gold
                  | pieces
 32059 | Snake:1  | Entered Level 1 of the Snake Pit
 32078 | Snake:1  | Noticed Frances
 32095 | Snake:1  | Killed Frances
 32273 | Snake:1  | You fall into a shaft and drop 1 floor!
 32495 | Snake:2  | Reached XP level 16. HP: 155/155 MP: 21/21
 32677 | Snake:2  | Found a runed translucent door.
 32677 | Snake:2  | Found a shimmering altar of Xom.
 32677 | Snake:2  | Identified the +5 lajatang of the Weasel {chaos, Str+5}
 32677 | Snake:2  | Noticed Bunnuime's ghost (adept DECj)
 33009 | Snake:2  | Found Coprysh's Book Shoppe.
 33010 | Snake:2  | Found Qibbaru's Jewellery Boutique.
 33010 | Snake:2  | Found Ipnu's Jewellery Boutique.
 33016 | Snake:2  | Bought the amulet of the Endless Expanse {Spirit rPois rN+
                  | Will++} for 1009 gold pieces
 33917 | Snake:1  | Found Tetox's Magic Scroll Shoppe.
 36036 | Snake:3  | Found Befiff's Assorted Antiques.
 36077 | Snake:3  | Bought a scroll of enchant armour for 195 gold pieces
 36081 | Snake:3  | Found Anoeg's Magic Scroll Boutique.
 36090 | Snake:3  | Bought a scroll of blinking for 97 gold pieces
 36242 | Snake:3  | Found Woysup's Armour Boutique.
 36485 | Snake:4  | Entered Level 4 of the Snake Pit
 36896 | Snake:4  | Reached skill level 10 in Shields
 37524 | Snake:4  | Noticed Aizul
 37531 | Snake:4  | Killed Aizul
 37914 | Snake:4  | Reached XP level 17. HP: 134/163 MP: 19/23
 38663 | Snake:4  | Reached skill level 10 in Invocations
 39469 | Shoals:1 | Entered Level 1 of the Shoals
 39556 | Shoals:1 | Found Liogh's Distillery.
 40933 | Shoals:2 | Found Asoax's Magic Scroll Shoppe.
 40983 | Shoals:2 | Bought a scroll of blinking for 105 gold pieces
 41010 | Shoals:2 | Noticed Polyphemus
 41027 | Shoals:2 | Killed Polyphemus
 41027 | Shoals:2 | Enslaved Polyphemus
 42539 | Shoals:3 | Reached XP level 18. HP: 98/174 MP: 2/25
 43143 | Shoals:4 | Entered Level 4 of the Shoals
 43401 | Snake:4  | Reached skill level 10 in Evocations
 44260 | Snake:4  | Got a serpentine rune of Zot
 44732 | Shoals:4 | Paralysed by an air elemental for 1 turns
 44739 | Shoals:4 | Paralysed by an air elemental for 1 turns
 45158 | Shoals:4 | Identified the +9 battleaxe "Xain" {drain, rElec Int-2
                  | Dex+6 SInv}
 45266 | Shoals:4 | Identified the +4 scale mail of Zuttipne {Dex+3}
 45266 | Shoals:4 | Identified the +2 chain mail of Gyostoor {+Blink rPois
                  | Will+ Dex-5}
 45972 | Shoals:4 | Got a barnacled rune of Zot
 46081 | Shoals:4 | Found a stormy altar of Qazlal.
 46130 | Shoals:4 | Paralysed by an air elemental for 1 turns
 46145 | Shoals:4 | Your ally Polyphemus died
 46658 | Shoals:4 | Paralysed by an air elemental for 1 turns
 46668 | Shoals:4 | Paralysed by an air elemental for 1 turns
 46695 | Shoals:4 | Paralysed by an air elemental for 1 turns
 47169 | Shoals:4 | Paralysed by an air elemental for 1 turns
 47667 | Vaults:1 | Entered Level 1 of the Vaults
 48625 | Vaults:1 | Reached XP level 19. HP: 144/184 MP: 26/26
 48883 | Vaults:1 | Found Iruschel's General Store.
 51068 | Vaults:1 | Reached skill level 15 in Shields
 51380 | Snake:2  | Bought a ring of protection from cold for 425 gold pieces
 54289 | Vaults:2 | Identified the +1 chain mail of the Wilderness {rElec rN+}
 54427 | Vaults:2 | Reached XP level 20. HP: 168/195 MP: 25/27
 54831 | Vaults:2 | Found a staircase to the Crypt.
 56519 | Vaults:3 | Found a flickering gateway to a bazaar.
 56528 | Bazaar   | Entered a bazaar
 56528 | Bazaar   | Found Veatuih's General Store.
 56528 | Bazaar   | Found Aduleuss's Antique Armour Shop.
 56572 | Bazaar   | Found Lynatair's Antique Weapon Shop.
 56596 | Bazaar   | Bought a scroll of fear for 60 gold pieces
 58086 | Vaults:4 | Reached skill level 15 in Polearms
 58251 | Vaults:4 | Noticed a golden dragon
 58267 | Vaults:4 | Killed a golden dragon
 60389 | Elf:1    | Entered Level 1 of the Elven Halls
 60728 | Elf:1    | Reached XP level 21. HP: 205/205 MP: 28/28
 61736 | Elf:2    | Paralysed by an air elemental for 1 turns
 61739 | Elf:2    | Paralysed by an air elemental for 1 turns
 61853 | Elf:2    | Paralysed by an air elemental for 1 turns
 62373 | Elf:2    | Found a huge runed translucent gate.
 62373 | Elf:2    | Found a huge runed translucent gate.
 62373 | Elf:2    | Found a huge runed translucent gate.
 62373 | Elf:2    | Found a huge runed translucent gate.
 62374 | Elf:2    | Found a huge runed translucent gate.
 62430 | Elf:3    | Entered Level 3 of the Elven Halls
 63126 | Elf:3    | Noticed Louise
 63139 | Elf:3    | Killed Louise
 63272 | Elf:3    | Paralysed by an air elemental for 1 turns
 63277 | Elf:3    | Paralysed by an air elemental for 1 turns
 65014 | Elf:3    | Identified the +7 hand axe of Collusion {vamp, MP+9 Str-2
                  | Int+7 Stlth-}
 65014 | Elf:3    | Identified the +6 glaive "Taph" {vorpal, rC+ SInv}
 65075 | Elf:3    | Identified the +4 battleaxe of Truncation {flame, *Noise
                  | Will+ Dex+3}
 65425 | D:15     | Upgraded the game from 0.29.0-4-gdea44cf6ec to
                  | 0.29.0-5-ge4962eb29e
 65477 | Depths:1 | Entered Level 1 of the Depths
 66015 | Depths:1 | Identified a scroll of acquirement
 66035 | D:15     | Acquired the +1 cloak of Wasted Space {Str+7}
 66058 | Depths:1 | Found a one-way gateway to a ziggurat.
 66083 | Depths:1 | Found a gateway to Hell.
 67007 | Depths:2 | Reached XP level 22. HP: 215/215 MP: 30/30
 67336 | Depths:2 | Noticed a golden dragon
 67353 | Depths:2 | Killed a golden dragon
 67855 | Depths:2 | Found a one-way gate leading to the halls of Pandemonium.
 68575 | Depths:3 | Found a one-way gate to the infinite horrors of the Abyss.
 69854 | Depths:3 | Found Gozag's Assorted Antiques.
 69859 | Depths:3 | Found an opulent altar of Gozag.
 69859 | Depths:3 | Noticed a golden dragon
 69861 | Depths:3 | Found Gozag's Antique Weapon Shoppe.
 69880 | Depths:3 | Found Gozag's Assorted Antiques.
 69915 | Depths:3 | Killed a golden dragon
 70395 | Orc:2    | Bought a scroll of teleportation for 51 gold pieces
 70395 | Orc:2    | Bought a wand of paralysis (3) for 122 gold pieces
 70644 | Snake:3  | Bought a scroll of butterflies for 52 gold pieces
 70644 | Snake:3  | Bought a scroll of magic mapping for 97 gold pieces
 70644 | Snake:3  | Bought a scroll of enchant armour for 97 gold pieces
 70644 | Snake:3  | Bought a scroll of butterflies for 52 gold pieces
 70654 | Snake:3  | Bought a potion of cancellation for 208 gold pieces
 70654 | Snake:3  | Bought a scroll of fear for 104 gold pieces
 70817 | Shoals:1 | Bought a potion of heal wounds for 80 gold pieces
 70817 | Shoals:1 | Bought a potion of invisibility for 128 gold pieces
 70817 | Shoals:1 | Bought a potion of might for 64 gold pieces
 70817 | Shoals:1 | Bought a potion of curing for 48 gold pieces
 70817 | Shoals:1 | Bought a potion of heal wounds for 80 gold pieces
 70817 | Shoals:1 | Bought a potion of curing for 48 gold pieces
 71038 | Vaults:1 | Bought a potion of haste for 190 gold pieces
 71038 | Vaults:1 | Bought a scroll of magic mapping for 142 gold pieces
 71172 | D:15     | Bought a potion of curing for 90 gold pieces
 71192 | D:15     | Found a transporter.
 71232 | D:15     | Killed AyAyRon's ghost
 71551 | Snake:1  | Bought a scroll of teleportation for 36 gold pieces
 71551 | Snake:1  | Bought a scroll of fear for 48 gold pieces
 71791 | Depths:4 | Entered Level 4 of the Depths
 72293 | Depths:4 | Found a runed translucent door.
 72293 | Depths:4 | Noticed strangelove's ghost (master GrEE)
 72593 | Depths:4 | Noticed Mennas
 72631 | Depths:4 | Killed Mennas
 72887 | Depths:4 | Noticed a golden dragon
 72902 | Depths:4 | Killed a golden dragon
 72950 | Depths:4 | Reached XP level 23. HP: 225/225 MP: 27/31
 73029 | Depths:4 | Found a broken altar of Ashenzari.
 73637 | Depths:4 | Found a gate to the Realm of Zot.
 74266 | Vaults:5 | Entered Level 5 of the Vaults
 74710 | Vaults:5 | Identified the ring "Hiaweat" {Fire +Blink rElec Will++}
 74757 | Vaults:5 | Found the +3 hat of Pondering {ponderous, Will+ MP+10
                  | Int+5}
 75269 | Vaults:5 | Noticed a dread lich
 75283 | Vaults:5 | Killed a dread lich
 75357 | Vaults:5 | Identified the +9 great mace "Ogreslayer" {vorpal, Int+7
                  | Stlth+}
 75830 | Vaults:5 | Identified the +3 giant spiked club of the Endless Expanse
                  | {venom, +Blink rPois rF+}
 76550 | Vaults:5 | Got a silver rune of Zot
 77411 | Zot:1    | Entered Level 1 of the Realm of Zot
 77411 | Zot:1    | Noticed a dread lich
 77412 | Zot:1    | Noticed a Killer Klown
 77412 | Zot:1    | Noticed a Killer Klown
 77417 | Zot:1    | Noticed a Killer Klown
 77418 | Zot:1    | Noticed a Killer Klown
 77552 | Depths:4 | Reached skill level 1 in Dodging
 77901 | Depths:4 | Noticed Parghit
 77950 | Depths:4 | Killed Parghit
 77959 | Depths:4 | Reached XP level 24. HP: 131/237 MP: 20/31
 78366 | Depths:4 | Found a broken altar of Ashenzari.
 78630 | Depths:4 | Found a gate to the Realm of Zot.
 78800 | Depths:4 | Found a runed translucent door.
 78879 | Depths:4 | Killed a dread lich
 78937 | Depths:4 | Killed a Killer Klown
 79226 | Depths:4 | Killed a Killer Klown
 79260 | Depths:4 | Killed a Killer Klown
 79296 | Depths:4 | Killed a Killer Klown
 79490 | Zot:1    | Reached skill level 5 in Dodging
 80459 | Zot:2    | Identified the amulet of Reimbursement {rN++ Will+ Regen+
                  | rCorr Stlth+}
 81779 | Zot:3    | Noticed a Killer Klown
 81815 | Zot:3    | Killed a Killer Klown
 82046 | Zot:3    | Identified the ring "Avaaf" {Ice *Corrode rN+ Int+6}
 82046 | Zot:3    | Noticed Josephina
 82058 | Zot:3    | Killed Josephina
 84059 | Zot:5    | Entered Level 5 of the Realm of Zot
 84407 | Zot:5    | Found a large runed translucent door.
 84407 | Zot:5    | Found a large runed translucent door.
 84513 | Zot:5    | Noticed Jiorhin's ghost (legendary TrBe)
 84578 | Zot:5    | Reached XP level 25. HP: 236/247 MP: 31/31
 84586 | Zot:5    | Noticed an orb of fire
 84607 | Zot:5    | Noticed an orb of fire
 84609 | Zot:5    | Gained mutation: You are dopey. (Int -2) [an orb of fire]
 84616 | Zot:5    | Killed an orb of fire
 84627 | Zot:5    | Killed an orb of fire
 84632 | Zot:5    | Reached skill level 10 in Dodging
 84635 | Zot:5    | Noticed an orb of fire
 84642 | Zot:5    | Gained mutation: You are very dopey. (Int -4) [an orb of
                  | fire]
 84643 | Zot:5    | Killed an orb of fire
 84646 | Zot:5    | Noticed an ancient lich
 84649 | Zot:5    | Noticed a Killer Klown
 84651 | Zot:5    | Killed an ancient lich
 84651 | Zot:5    | Noticed an ancient lich
 84652 | Zot:5    | Noticed an ancient lich
 84684 | Zot:5    | Killed an ancient lich
 84688 | Zot:5    | Killed an ancient lich
 84717 | Zot:5    | a Killer Klown changed into a titan
 85111 | Zot:5    | Found the +4 dragonskin cloak
 85111 | Zot:5    | Noticed Tiamat
 85152 | Zot:5    | Noticed a Killer Klown
 85174 | Zot:5    | Lost intelligence.
 85184 | Zot:5    | Killed a Killer Klown
 85206 | Zot:5    | Lost mutation: You are very dopey. (Int -4) [potion of
                  | mutation]
 85206 | Zot:5    | Lost mutation: You are dopey. (Int -2) [potion of mutation]
 85206 | Zot:5    | Gained mutation: You are robust. (+10% HP) [potion of
                  | mutation]
 85206 | Zot:5    | Gained mutation: You possess an exceptional clarity of
                  | mind. [potion of mutation]
 85206 | Zot:5    | Gained mutation: Armour fits poorly on your strangely
                  | shaped body. [potion of mutation]
 85227 | Zot:5    | Lost mutation: You possess an exceptional clarity of mind.
                  | [potion of mutation]
 85227 | Zot:5    | Lost mutation: Armour fits poorly on your strangely shaped
                  | body. [potion of mutation]
 85227 | Zot:5    | Lost mutation: You are robust. (+10% HP) [potion of
                  | mutation]
 85227 | Zot:5    | Gained mutation: Your movements are slightly less
                  | encumbered by armour. (ER -2) [potion of mutation]
 85227 | Zot:5    | Gained mutation: You have a beak for a mouth. [potion of
                  | mutation]
 85424 | Zot:5    | Noticed a Killer Klown
 85462 | Zot:5    | Killed a Killer Klown
 85715 | Abyss:5  | Cast into level 5 of the Abyss (Tiamat)
 85865 | Abyss:5  | Paralysed by accursed screaming for 1 turns
 85879 | Abyss:5  | Paralysed by accursed screaming for 1 turns
 85886 | Abyss:5  | Paralysed by accursed screaming for 1 turns
 85920 | Abyss:5  | Noticed an ancient lich
 85962 | Abyss:5  | Lost intelligence.
 86074 | Zot:5    | Escaped the Abyss
 86082 | Zot:5    | Killed from afar by a lich

Illustrated notes

Levels and vault maps discovered:
D:1:      sevenhm_arrival_forest_fort_large_4, layout_loops_ring
D:2:      layout_rooms, basic_altar, nicolae_shop_vocational
D:3:      layout_basic
D:4:      cheibrodos_old_hovel, layout_basic, nicolae_qazlal_scattered_showers,
          tso_metal_star, portal_sewer_entry_c
D:5:      layout_basic, overflow_temple_1_default, nicolae_wu_jian_wuxing_cycle,
          minmay_temple_entry_statues, st_stairs_5, uniq_crazy_yiuf_cottage,
          uniq_pikel
D:6:      layout_basic, makhleb_altar_promises_db, serial_corexii_hall,
          corexii_hall_statues_l, corexii_hall_statues_i,
          chequers_hall_statues_wall_a, corexii_hall_statues_l, serial_shops,
          nicolae_shop_hallway_stairs, chequers_serial_rivers_micro_c,
          grunt_ministairs_13, uniq_duvessa
D:7:      layout_cave_pods, amcnicky_altar_gilded, serial_bayou,
          serial_bayou_pond_a, serial_bayou_shore_b, serial_bayou_lagoon_a,
          serial_bayou_pond_c
D:8:      layout_basic, mainiacjoe_overflow_concentric_impassable,
          mainiacjoe_overflow_cross_hatched
D:9:      minmay_statue_hallways, layout_cross, nicolae_blasting_shop,
          nrook_mini_backslash
D:10:     layout_cave_pods, grunt_dithmenos_smoke_and_mirrors,
          nicolae_overflow_squiral, david_lair_generic, enter_bailey_5
D:11:     layout_roguey, sword_in_stone, uniq_maurice, uniq_psyche
D:12:     layout_rooms, kennysheep_orc_monster_closet_entryway
D:13:     layout_loops_cross, david_vaults_4, kennysheep_minor_cross,
          serial_bayou_pond_c
D:14:     layout_loops_ring, minmay_misc_feat_room,
          minmay_guarded_unrand_skullcrusher, uniq_snorg
D:15:     grunt_enter_depths_snipers, layout_basic, skrybe_limestone_x,
          gammafunk_ghost_smash, chequers_serial_rivers_micro_c, minivault_20,
          zin_purify
Temple:   grunt_temple_mini_profane
Lair:1:   layout_hall_layers, st_stairs_11, grunt_megastairs_5,
          serial_bayou_shore_b, infiniplex_staircase_pool, serial_bayou_shore_b
Lair:2:   layout_regular_city, minmay_snake_entry_guardpost_large
Lair:3:   hangedman_what_comes_after_a, layout_concentric_octagons,
          elwin_shoals_entry_rooms, serial_bayou_shore_a
Lair:4:   gammafunk_boulding_lane, layout_regular_city, minmay_lindwurm_lava
Lair:5:   guppyfry_lair_end_dragon, layout_small_grid, slime_entry_1,
          grunt_megastairs_3, uniq_rupert
Shoals:1: layout_shoals, serial_shops, shop_statue
Shoals:2: layout_shoals, serial_shops, nicolae_shop_statue_plus,
          nicolae_shoals_nymph_descending_staircase, uniq_polyphemus
Shoals:3: layout_shoals
Shoals:4: shoals_end_hellmonk_storm_palace [storm_palace_center_circular,
          storm_palace_corner_altar, storm_palace_corner_blocked,
          storm_palace_corner_narrow, storm_palace_corner_reverse_hut]
Snake:1:  layout_misc_corridors, nicolae_snake_slithery_hallway,
          minmay_shop_star, uniq_frances
Snake:2:  layout_misc_corridors, ebering_ghost_xom, minmay_shop_grove
Snake:3:  layout_misc_corridors, serial_shops, nicolae_stop_n_shop_1,
          nicolae_lakefront_shop, shop, grunt_megastairs_4
Snake:4:  grunt_snake_rune_pools, layout_gridlike, uniq_aizul
Orc:1:    layout_caves, uniq_fannar, uniq_jorgrun
Orc:2:    st_orc_elflike, layout_caves, serial_shops, nicolae_shop_trees,
          nicolae_orc_damp_corner, uniq_urug
Elf:1:    layout_gridlike, hangedman_elf_represent
Elf:2:    elven_hall_of_blades_hangedman_alternative
          [nicolae_blade_entry_floor_patterns], layout_geoelf_grid
Elf:3:    minmay_elf_hall_four_x, layout_onion_city, uniq_louise
Vaults:1: portal_desolation_entry_garden, nicolae_vaults_yaktaur_gun_rack,
          nicolae_vaults_shelves_hall, ontoclasm_vaults_decontamination,
          v_pattern_1, vaults_room_semicircle, v_misc_24, v_alt_pattern_2,
          st_octagons_2, v_alt_pattern_1, hangedman_vaults_hat,
          vaults_mumra_minichess_inversion, v_alt_pattern_6,
          grunt_vaults_diagonal, grunt_vaults_focal, v_alt_pattern_4,
          vaults_room_stairs_pillars, vaults_mumra_lcd, nicolae_vaults_asterisk,
          layout_vaults_omnibox, serial_shops, nicolae_shop_behind_doors
Vaults:2: nicolae_vaults_network_periphery, v_rooms_2, dpeg_vaults_monster_box,
          minmay_crypt_entry_simple_plaza, vaults_mumra_hexcomb,
          v_alt_pattern_1, nicolae_vaults_network_quinsquares
          [nicolae_vaults_network_quincunx_subvault,
          nicolae_vaults_network_quincunx_subvault,
          nicolae_vaults_network_quincunx_subvault,
          nicolae_vaults_network_quincunx_subvault],
          nicolae_vaults_network_square, vaults_room_hallway,
          ontoclasm_vaults_ring_square, v_alt_pattern_1, st_spiral_rooms,
          nicolae_vaults_little_squares_1, v_misc_22,
          nicolae_vaults_shelves_hall, grunt_vaults_hallway_long,
          layout_vaults_big_cross
Vaults:3: ontoclasm_vaults_twist, nicolae_vaults_big_angled_halls, v_misc_2,
          v_misc_12, v_misc_19, vaults_dpeg_diagonal, ontoclasm_vaults_ligature,
          ontoclasm_vaults_shuriken, v_misc_5, vaults_dpeg_ring,
          nicolae_vaults_specimen_jars, vaults_room_corners,
          layout_vaults_omnigrid, serial_shops, bzr_entry_water
Vaults:4: v_misc_30, grunt_vaults_bifocal, nicolae_vaults_shelves_hall,
          v_misc_13, vaults_mumra_chevron, nicolae_vaults_network_star,
          hangedman_vaults_nodes, st_hourglassy, nicolae_vaults_rhombus_7,
          vaults_room_ringed_pool, layout_vaults_maze_snakey
Vaults:5: serial_shops
Depths:1: layout_cave_pools, enter_ziggurat_b, pf_vacation_house_of_asmodeus,
          eino_curves_01, amcnicky_mini_pool_medium
Depths:2: evilmike_marble_ring, layout_cave_pools, hell_entry,
          serial_co_window_serial, co_window_corner_a, co_window_corner_a,
          co_window_corner_a, co_window_paths_b, co_window_paths_a,
          co_window_2corner, co_window_corner_b, co_window_broadway_b,
          co_window_paths_e, glass_columns_b, glass_columns_a, glass_columns_c,
          pan_entry, nrook_mini_vaults, serial_bayou_shore_b
Depths:3: kennysheep_gozag_temple, layout_cave_pools, hangedman_coc_ice_floe,
          abyss_entry, chequers_serial_rivers_micro_c, grunt_decor_resistance
Depths:4: evilmike_zot_entry_diamond, layout_honeycomb, grunt_decor_arrowhead,
          hellmouth_3, ebering_ghost_inner_flame, nicolae_ashenzari_skybound,
          uniq_parghit, uniq_mennas
Zot:1:    ebering_klown_carousel, layout_twisted_circle
Zot:2:    layout_misc_corridors, grunt_megastairs_2
Zot:3:    layout_misc_corridors, uniq_josephina
Zot:4:    layout_basic, lemuel_elevator
Zot:5:    layout_twisted_circle, ebering_ghost_disaster_area, bh_zot_ikea_curve,
          uniq_tiamat

Skill      XL: |  1  2  3  4  5  6  7  8  9 10 11 12 13 14 15 16 17 18 19 20 21 22 23 24 25 |
---------------+----------------------------------------------------------------------------+-----
Fighting       | 4 5 8 10 12 15 16 17 18 19 20 21 22 23 24 | 24.9
Armour         | 4 5 8 10 12 15 16 17 18 19 20 21 22 23 24 | 24.7
Shields        | 4 5 8 10 11 13 16 18 20 22 23 24 | 24.8
Axes           | 3 4 6 10 12 15 16 17 19 | 19.1
Invocations    | 3 4 6 8 9 11 12 | 12.1
Evocations     | 2 3 5 7 8 9 10 11 12 13 | 13.2
Polearms       | 5 9 10 12 14 15 16 17 19 20 | 20.6
Dodging        | 2 9 11 | 11.8

Action                   |  1- 3 |  4- 6 |  7- 9 | 10-12 | 13-15 | 16-18 | 19-21 | 22-24 | 25-27 || total
-------------------------+-------+-------+-------+-------+-------+-------+-------+-------+-------++-------
Melee: War axe           |    98 |   194 |   207 |   201 |       |       |       |       |       ||   700
       Headbutt          |     5 |    26 |    41 |    82 |   186 |   200 |   457 |   440 |    81 ||  1518
       Trident           |       |       |       |   254 |   789 |   751 |  1183 |       |       ||  2977
       Hand axe          |       |       |       |       |    42 |       |       |       |       ||    42
       Battleaxe         |       |       |       |       |       |   103 |       |       |       ||   103
       Executioner's axe |       |       |       |       |       |    32 |       |       |       ||    32
       Lance             |       |       |       |       |       |       |   252 |  1445 |   281 ||  1978
       Unarmed           |       |       |       |       |       |       |       |     1 |       ||     1
       Peck              |       |       |       |       |       |       |       |       |    40 ||    40
Throw: Dart              |       |       |    18 |    29 |     7 |       |       |       |       ||    54
       Javelin           |       |       |       |       |     7 |    48 |     4 |       |       ||    59
       Boomerang         |       |       |       |       |       |       |       |     2 |       ||     2
Invok: Recall Undead Har |       |       |     1 |     2 |       |       |       |       |       ||     3
       Dark Bargain      |       |       |       |     2 |     3 |    15 |     8 |     9 |       ||    37
       Bind Soul         |       |       |       |     1 |     4 |     5 |     8 |     6 |     1 ||    25
       Drain Life        |       |       |       |       |       |     5 |     2 |     2 |       ||     9
 Abil: Evoke Blink       |       |       |       |       |     2 |       |       |       |       ||     2
Evoke: Wand              |       |       |       |    12 |    16 |    16 |     9 |     9 |       ||    62
       Condenser vane    |       |       |       |       |       |       |     8 |     4 |     1 ||    13
       Box of beasts     |       |       |       |       |       |       |       |     4 |     1 ||     5
       Phantom mirror    |       |       |       |       |       |       |       |       |     2 ||     2
  Use: Potion            |       |     1 |     2 |    10 |     9 |     7 |     9 |    11 |    13 ||    62
       Scroll            |       |     9 |     5 |    12 |    11 |    19 |    17 |    15 |     6 ||    94
 Stab: Distracted        |       |       |     1 |     7 |    19 |    22 |    36 |    17 |     3 ||   105
       Paralysed         |       |       |       |       |     7 |     4 |     7 |       |       ||    18
       Fleeing           |       |       |       |       |       |     1 |       |       |       ||     1
       Invisible         |       |       |       |       |       |     1 |       |     2 |     1 ||     4
Armor: Scale mail        |    34 |    95 |    77 |    30 |       |       |       |       |       ||   236
       Plate armour      |       |       |       |   120 |   266 |   464 |   367 |       |       ||  1217
       Crystal plate arm |       |       |       |       |       |       |    32 |   331 |       ||   363
       Gold dragon scale |       |       |       |       |       |       |       |   133 |   224 ||   357
Dodge: Dodged            |    46 |    75 |    70 |   106 |   133 |   215 |   135 |   162 |   175 ||  1117
Block: Buckler           |    30 |    55 |    33 |    74 |     6 |       |       |       |       ||   198
       Kite shield       |       |       |       |       |   188 |   100 |       |       |       ||   288
       Tower shield      |       |       |       |       |       |   472 |   817 |   833 |   352 ||  2474
       Reflection        |       |       |       |       |       |    79 |    78 |    30 |     7 ||   194
